 Dungeon Crawl Stone Soup version 0.26-a0-720-g2a1d101370 (webtiles) character file.

Game seed: 10999231551498574334

11405 robertstho the Grappler (level 11, -4/107 HPs)
             Began as a Troll Fighter on Nov 2, 2020.
             Was a High Priest of Okawaru.
             Splashed by a brown ugly thing's acid (10 damage)
             ... on level 11 of the Dungeon.
             The game lasted 00:13:09 (8706 turns).

robertstho the Grappler (Troll Fighter)             Turns: 8706, Time: 00:13:09

Health: -4/107     AC:  0    Str: 34    XL:     11   Next: 48%
Magic:  13/14      EV: 14    Int:  5    God:    Okawaru [*****.]
Gold:   417        SH: 14    Dex:  9    Spells: 10/10 levels left

rFire    . . .     SeeInvis .   w - +1 scimitar (flame)
rCold    . . .     Faith    .   b - +1 kite shield
rNeg     . . .     Spirit   .   a - +2 robe {MR+}
rPois    .         Reflect  .   (helmet restricted)
rElec    .         Harm     .   (no cloak)
rCorr    .         Rampage  .   (gloves unavailable)
MR       ++...                  (boots unavailable)
Stlth    +++.......             (no amulet)
HPRegen  0.67/turn              f - +6 ring of strength
MPRegen  0.14/turn              u - ring of protection from magic

@: heroism, corroded
A: large, unfitting armour, claws 3, regeneration 1, shaggy fur 1, tough skin 3
a: Heroism, Finesse, Renounce Religion


You were on level 11 of the Dungeon.
You worshipped Okawaru.
Okawaru was extremely pleased with you.
You visited 1 branch of the dungeon, and saw 11 of its levels.

You collected 703 gold pieces.
You spent 286 gold pieces at shops.

Inventory:

Hand Weapons
 w - a +1 scimitar of flaming (weapon)
Armour
 a - a +2 robe of magic resistance (worn)
 b - a +1 kite shield (worn)
 o - a +1 robe of positive energy
Jewellery
 f - a +6 ring of strength (left claw)
 u - a ring of protection from magic (right claw)
 y - an uncursed ring of wizardry
Wands
 h - a wand of acid (9)
 r - a wand of polymorph (6)
 t - a wand of iceblast (13)
Scrolls
 d - 4 scrolls of teleportation
 g - 2 scrolls of enchant weapon {unknown}
 i - 2 scrolls of fog {unknown}
 j - 3 scrolls of blinking {unknown}
 k - a scroll of random uselessness {unknown}
 l - 4 scrolls of remove curse
 p - a scroll of noise {unknown}
 s - 3 scrolls of enchant armour
 v - 2 scrolls of magic mapping {unknown}
 x - 2 scrolls of immolation {unknown}
Potions
 c - 4 potions of curing
 e - 4 potions of flight
 m - 2 potions of ambrosia
 n - 3 potions of might
 q - a potion of cancellation


   Skills:
 * Level 6.4(11.4) Fighting
 + Level 1.5(6.5) Long Blades
 * Level 5.6(10.6) Armour
 + Level 5.9(10.9) Dodging
 + Level 1.5(6.5) Stealth
 + Level 5.9(10.9) Shields
 + Level 10.1(15.1) Unarmed Combat
 * Level 6.2 Invocations


You had 10 spell levels left.
You didn't know any spells.
Your spell library was empty.

Dungeon Overview and Level Annotations

Branches:
Dungeon (11/15)            Temple (0/1) D:4            Lair (0/6) D:10
    Orc (0/2) D:10

Altars:
Dithmenos
Elyvilon
Gozag
Hepliaklqana
Kikubaaqudgha
Makhleb
Okawaru
Ru
Trog
Vehumet
Wu Jian
Xom
Yredelemnul
Zin
The Shining One

Shops:
D:8 }

Annotations:
D:5 2 transporters, Trevise's ghost, novice GnWn
D:8 2 transporters, ClockworkOrrery's ghost, novice GrFi
D:10 exclusion: orange crystal statue


Innate Abilities, Weirdness & Mutations

You are too large for most types of armour.
You have claws for hands.
Your natural rate of healing is unusually fast.
You are covered in fur. (AC +1)
You have extremely tough skin. (AC +3)


Message History

The brown ugly thing tail-slaps you!
* * * LOW HITPOINT WARNING * * *
The acid corrodes you!
You are splashed with acid.
* * * LOW HITPOINT WARNING * * *
You hit the brown ugly thing but do no damage.
The brown ugly thing is lightly wounded.
The brown ugly thing completely misses you.
You riposte.
You slash the brown ugly thing! You burn the brown ugly thing.
The brown ugly thing is lightly wounded.
You barely miss the brown ugly thing.
The brown ugly thing is lightly wounded.
The brown ugly thing tail-slaps you.
* * * LOW HITPOINT WARNING * * *
The acid corrodes you!
You are splashed with acid.
* * * LOW HITPOINT WARNING * * *
Unknown command.
You feel better. The brown ugly thing tail-slaps you!
* * * LOW HITPOINT WARNING * * *
The acid corrodes you!
You are splashed with acid!
You die...

#.. #.# ## #.#..
#.###.....
#.#.#.#.#
#######.
#...#.#.#
...(....
#...#)#.###..
#######.
#...))).....# #
#....@u.###.. #
##.#....# #
............... #
.....!.........#
......#.#########
.#.####.# #####.
#. #.# ...... #.#
......


You could see a brown ugly thing.

Vanquished Creatures
  Harold (D:9)
  4 two-headed ogres
  Psyche (D:9)
  3 komodo dragons
  2 hornets
  Sigmund (D:2)
  A wraith (D:9)
  6 yaks (D:10)
  Grum (D:8)
  2 orc warriors (D:8)
  3 sky beasts
  2 ice beasts (D:9)
  2 wolves (D:8)
  2 phantoms
  15 ogres
  8 centaurs
  2 big kobolds
  4 bullfrogs
  A gnoll sergeant (D:7)
  A water moccasin zombie (D:10)
  A wyvern zombie (D:7)
  5 scorpions
  5 wights (D:7)
  2 centaur zombies
  A quasit (D:9)
  3 jellies
  5 hounds
  4 orc priests
  9 orc wizards
  2 bullfrog skeletons
  Jessica (D:2)
  An iguana (D:8)
  7 worker ants
  A hound skeleton (D:6)
  A worker ant zombie (D:9)
  Robin (D:3)
  6 gnolls
  5 adders
  A shadow imp (D:7)
  4 white imps
  An adder skeleton (D:10)
  A worm (D:2)
  2 dart slugs
  5 leopard geckos
  28 orcs
  8 giant cockroaches
  16 goblins
  10 hobgoblins
  11 jackals
  5 quokkas
  3 ball pythons (D:6)
  6 bats
  4 frilled lizards
  13 kobolds
  A leopard gecko skeleton (D:4)
  A leopard gecko zombie (D:5)
  A quokka skeleton (D:4)
  12 rats
255 creatures vanquished.

Vanquished Creatures (others)
  16 plants (D:10)
16 creatures vanquished.

Grand Total: 271 creatures vanquished

Notes
Turn   | Place    | Note
-------+----------+-------------------------------------------
     0 | D:1      | robertstho the Troll Fighter began the quest for the Orb.
     0 | D:1      | Reached XP level 1. HP: 22/22 MP: 0/0
    38 | D:1      | Reached XP level 2. HP: 25/29 MP: 1/1
   535 | D:2      | Reached XP level 3. HP: 33/36 MP: 2/2
   648 | D:2      | Found a sacrificial altar of Ru.
  1025 | D:2      | Noticed Jessica
  1031 | D:2      | Killed Jessica
  1031 | D:2      | Reached skill level 1 in Armour
  1031 | D:2      | Reached XP level 4. HP: 44/44 MP: 3/3
  1068 | D:2      | Noticed Sigmund
  1094 | D:2      | Killed Sigmund
  1094 | D:2      | Reached skill level 3 in Unarmed Combat
  1094 | D:2      | Reached XP level 5. HP: 27/53 MP: 4/4
  1290 | D:2      | Found an iron altar of Okawaru.
  1298 | D:2      | Reached XP level 6. HP: 61/61 MP: 5/5
  1313 | D:2      | Became a worshipper of Warmaster Okawaru
  1502 | D:3      | Noticed Robin
  1514 | D:3      | Killed Robin
  1742 | D:3      | Found a faded altar of an unknown god.
  1804 | D:3      | You fall into a shaft and drop 1 floor!
  1856 | D:4      | Reached skill level 4 in Unarmed Combat
  2082 | D:4      | Reached * piety under Okawaru
  2082 | D:4      | Reached skill level 1 in Invocations
  2082 | D:4      | Reached XP level 7. HP: 29/67 MP: 6/6
  2164 | D:4      | Found a staircase to the Ecumenical Temple.
  2403 | D:4      | Reached skill level 5 in Unarmed Combat
  2643 | D:4      | Found a glowing golden altar of the Shining One.
  2717 | D:3      | Found a basalt altar of Yredelemnul.
  3309 | D:5      | Entered Level 5 of the Dungeon
  3367 | D:5      | Found a transporter.
  3367 | D:5      | Noticed Trevise's ghost (novice GnWn)
  3745 | D:5      | Found a burning altar of Makhleb.
  3813 | D:5      | Reached XP level 8. HP: 66/78 MP: 8/8
  3914 | D:5      | Found an ancient bone altar of Kikubaaqudgha.
  3927 | D:5      | Found a transporter.
  4388 | D:6      | Reached ** piety under Okawaru
  4529 | D:6      | Found an opulent altar of Gozag.
  4874 | D:7      | Reached skill level 6 in Unarmed Combat
  4875 | D:7      | Reached skill level 1 in Stealth
  5032 | D:7      | Reached XP level 9. HP: 74/85 MP: 10/10
  5112 | D:7      | Found an ornate altar of the Wu Jian Council.
  5112 | D:7      | Found a shadowy altar of Dithmenos.
  5114 | D:7      | Found a bloodstained altar of Trog.
  5119 | D:7      | Found a shimmering altar of Xom.
  5119 | D:7      | Found a hazy altar of Hepliaklqana.
  5249 | D:7      | Reached *** piety under Okawaru
  5486 | D:8      | Found a transporter.
  5490 | D:8      | Noticed ClockworkOrrery's ghost (novice GrFi)
  5494 | D:8      | Noticed a komodo dragon
  5505 | D:8      | HP: 3/85 [orc priest/divine providence (17)]
  5512 | D:8      | Found a glowing silver altar of Zin.
  5796 | D:8      | Killed a komodo dragon
  5796 | D:8      | Reached skill level 5 in Dodging
  5796 | D:8      | Reached skill level 7 in Unarmed Combat
  5853 | D:8      | Found a transporter.
  5875 | D:8      | Noticed Grum
  5896 | D:8      | Killed Grum
  5903 | D:8      | Reached **** piety under Okawaru
  6037 | D:8      | Found Gaanias's Gadget Shoppe.
  6041 | D:8      | Bought a wand of acid (9) for 286 gold pieces
  6183 | D:8      | Noticed a white ugly thing
  6184 | D:8      | Noticed a green ugly thing
  6185 | D:8      | Noticed a cyclops
  6190 | D:8      | Found the +4 skin of Zhor {Englaciate rC+++ SInv}
  6283 | D:9      | Found a radiant altar of Vehumet.
  6312 | D:9      | Reached skill level 5 in Fighting
  6328 | D:9      | Noticed Psyche
  6344 | D:9      | Killed Psyche
  6445 | D:9      | Reached XP level 10. HP: 82/96 MP: 12/12
  6477 | D:9      | Reached skill level 8 in Unarmed Combat
  6544 | D:9      | Noticed Harold
  6554 | D:9      | Killed Harold
  6554 | D:9      | Reached ***** piety under Okawaru
  6626 | D:9      | Reached skill level 5 in Invocations
  6829 | D:9      | Reached skill level 5 in Shields
  6933 | D:9      | Noticed a two-headed ogre
  6933 | D:9      | Noticed a two-headed ogre
  6944 | D:9      | Killed a two-headed ogre
  6944 | D:9      | Reached skill level 9 in Unarmed Combat
  6944 | D:9      | Noticed a two-headed ogre
  6948 | D:9      | Killed a two-headed ogre
  6948 | D:9      | Reached skill level 5 in Armour
  6952 | D:9      | Killed a two-headed ogre
  6952 | D:9      | Reached XP level 11. HP: 35/105 MP: 11/14
  7529 | D:10     | Entered Level 10 of the Dungeon
  7541 | D:10     | Found a white marble altar of Elyvilon.
  7619 | D:10     | Paralysed by a hornet for 2 turns
  7826 | D:10     | Found a staircase to the Lair.
  7850 | D:10     | Found a staircase to the Orcish Mines.
  7905 | D:10     | Found a radiant altar of Vehumet.
  8204 | D:10     | Noticed an orange crystal statue
  8436 | D:10     | Received a gift from Okawaru
  8591 | D:11     | Reached skill level 10 in Unarmed Combat
  8648 | D:11     | Noticed a fire dragon
  8653 | D:11     | Noticed a two-headed ogre
  8669 | D:11     | Noticed a two-headed ogre
  8673 | D:11     | Killed a two-headed ogre
  8673 | D:11     | Reached skill level 1 in Long Blades
  8697 | D:11     | Noticed a brown ugly thing
  8706 | D:11     | Splashed by a brown ugly thing's acid

Illustrated notes

Levels and vault maps discovered:
D:1:      wander_arrival_desolate, layout_basic, kennysheep_another_room
D:2:      layout_loops_ring, nicolae_overflow_crystal_walls,
          okawaru_altar_gauntlet_db, minmay_quantized, uniq_jessica,
          uniq_sigmund
D:3:      lemuel_upstairs_altar, layout_basic, chequers_ecumenical_altar_grove,
          grunt_ministairs_6, uniq_robin
D:4:      cheibrodos_barr_body, layout_cave_pools,
          lemuel_coloured_pillars_altar, minmay_temple_entry_waves
D:5:      layout_basic, overflow_temple_1_default, marbit_many_paths,
          gammafunk_ghost_mausoleum
D:6:      layout_basic, kennysheep_mini_moat
D:7:      layout_cave_pools, minmay_overflow_temple_star_hex
D:8:      layout_rooms, nicolae_overflow_hidden_temple, serial_shops,
          nicolae_shop_behind_doors, gammafunk_ghost_stat_death,
          eino_tiny_chamber, minivault_12, uniq_grum
D:9:      lemuel_ogre_cave, layout_loops_ring, old_standard_altar,
          corexii_hall_statues_i, uniq_harold, uniq_psyche
D:10:     layout_roguey, david_lair_shrubbed, serial_corexii_hall,
          corexii_hall_statues_i, chequers_hall_statues_y,
          chequers_hall_statues_wall_a, corexii_hall_statues_l,
          corexii_hall_statues_x, corexii_hall_statues_l,
          mrwooster_statue_mirror, corexii_hall_statues_s,
          hangedman_feature_mirror, minivault_16
D:11:     cheibrodos_fzero, layout_loops_ring, serial_shops, shop

Skill      XL: |  1  2  3  4  5  6  7  8  9 10 11 |
---------------+----------------------------------+-----
Armour         | 1 2 3 4 5 |  5.6
Fighting       | 3 4 5 6 |  6.4
Dodging        | 3 4 5 |  5.9
Shields        | 3 4 5 |  5.9
Unarmed Combat | 3 4 5 6 7 9 10 | 10.1
Invocations    | 1 2 3 4 5 6 |  6.2
Stealth        | 1 |  1.5
Long Blades    | 1 |  1.5

Action                   |  1- 3 |  4- 6 |  7- 9 | 10-12 || total
-------------------------+-------+-------+-------+-------++-------
Melee: Unarmed           |   137 |   144 |   333 |   151 ||   765
       Scimitar          |       |       |       |    53 ||    53
Invok: Heroism           |       |       |     3 |     8 ||    11
  Use: Potion            |       |     4 |     3 |     2 ||     9
       Scroll            |       |     4 |     8 |     1 ||    13
 Stab: Distracted        |       |     1 |       |       ||     1
       Sleeping          |       |       |     2 |     1 ||     3
Armor: Robe              |    57 |    40 |    93 |    34 ||   224
       Skin              |       |     1 |       |       ||     1
Dodge: Dodged            |    45 |    50 |   104 |    73 ||   272
Block: Kite shield       |    62 |    80 |   150 |   116 ||   408
       Rpst.: Scimitar   |       |       |       |    12 ||    12

Table legend: (Time is in decaauts)
 A = Elapsed time spent in this place.
 B = Non-inter-level travel time spent in this place.
 C = Inter-level travel time spent in this place.
 D = Time resting spent in this place.
 E = Time spent auto-exploring this place.
 F = Levels seen in this place.
 G = Mean time per level.
                   A        B        C        D        E       F      G
               +--------+--------+--------+--------+--------+-----+--------+
         Total |   8680 |   8404 |    276 |    938 |   5896 |  11 |  789.1 |
       Dungeon |   8680 |   8404 |    276 |    938 |   5896 |  11 |  789.1 |
               +--------+--------+--------+--------+--------+-----+--------+

Top non-repeatable levels by time:
     D:9: 1296 daAuts
     D:4: 1106 daAuts
    D:10: 1035 daAuts
     D:2: 1014 daAuts
     D:3: 865 daAuts
     D:8: 777 daAuts
     D:5: 722 daAuts
     D:7: 710 daAuts
     D:6: 517 daAuts
     D:1: 492 daAuts
    D:11: 141 daAuts
